 Dungeon Crawl Stone Soup version 0.28.0-49-g6dfe1f597d (webtiles) character file.

Game seed: 9041563632685605121

69015 nickcage the Devastator (level 14, -18/93 HPs)
             Began as a White Draconian Conjurer on May 19, 2022.
             Was a High Priest of Vehumet.
             Engulfed by a wizard's flame (20 damage)
             ... on level 6 of the Lair of Beasts.
             The game lasted 02:12:19 (23344 turns).

nickcage the Devastator (White Draconian Conjurer) Turns: 23344, Time: 02:12:19

Health: -18/93     AC: 12    Str:  9    XL:     14   Next: 88%
Magic:  4/31       EV: 11    Int: 30    God:    Vehumet [*****.]
Gold:   1186       SH:  5    Dex: 10    Spells: 8/40 levels left

rFire   . . .      SeeInvis .   q - staff of conjuration
rCold   + . .      Faith    .   C - +0 buckler
rNeg    . . .      Spirit   .   (armour unavailable)
rPois   +          Reflect  .   x - +2 hat
rElec   .          Harm     .   o - +0 cloak {rCorr}
rCorr   +          Rampage  .   (no gloves)
Will    +....                   l - +0 pair of boots
Stlth   ++........              (no amulet)
HPRegen 0.25/turn               F - +6 ring of intelligence
MPRegen 0.22/turn               H - ring of poison resistance

@: no status effects
A: breathe frost, AC +8, unfitting armour, cold resistance 1, cold-blooded
a: Breathe Frost, Renounce Religion


You were on level 6 of the Lair of Beasts.
You worshipped Vehumet.
Vehumet was extremely pleased with you.
You visited 3 branches of the dungeon, and saw 18 of its levels.
You also visited: Bailey.

You collected 1186 gold pieces.

Inventory:

Hand Weapons
 k - a +2 scythe of freezing
 E - a +7 scimitar
Missiles
 u - 2 throwing nets
Armour
 l - a +0 pair of boots (worn)
 o - a +0 cloak of preservation (worn)
 x - a +2 hat (worn)
 C - a +0 buckler (worn)
 O - a scarf of repulsion
Magical Staves
 q - a staff of conjuration (weapon)
Jewellery
 e - a +4 ring of protection
 h - a +4 ring of evasion
 r - a ring of magical power
 A - a ring of flight
 B - a ring of protection from fire
 F - a +6 ring of intelligence (left hand)
 H - a ring of poison resistance (right hand)
Wands
 j - a wand of mindburst (8)
 w - a wand of digging (3)
 z - a wand of iceblast (11)
 G - a wand of paralysis (7)
 L - a wand of flame (9)
 N - a wand of acid (11)
 P - a wand of polymorph (6)
Scrolls
 c - a scroll of summoning
 f - 2 scrolls of immolation
 s - a scroll of teleportation
 v - a scroll of fear
 y - 2 scrolls of blinking
 D - a scroll of torment
 I - a scroll of fog
 K - a scroll of identify
Potions
 a - 3 potions of cancellation
 b - 3 potions of flight
 d - 3 potions of mutation
 g - 4 potions of heal wounds
 i - a potion of haste
 m - a potion of resistance
 n - a potion of attraction
 p - 3 potions of curing
 t - a potion of degeneration
 J - 2 potions of brilliance
 M - 2 potions of might


   Skills:
 - Level 0.7 Axes
 - Level 2.0 Staves
 - Level 0.7 Crossbows
 - Level 1.7 Dodging
 - Level 1.7 Stealth
 - Level 8.0 Shields
 + Level 13.6 Spellcasting
 + Level 15.8 Conjurations
 - Level 5.1 Translocations
 - Level 6.8 Fire Magic
 - Level 5.0 Air Magic
 - Level 3.0 Evocations


You had 8 spell levels left.
You knew the following spells:

 Your Spells              Type           Power      Damage    Failure   Level
a - Magic Dart            Conj           100%       1d8       0%          1
b - Searing Ray           Conj           100%       2d8       0%          2
c - Irradiate             Conj/Tmut      40%        3d27      1%          5
d - Starburst             Conj/Fire      46%        6d13      1%          6
e - Swiftness             Air            50%        N/A       1%          3
f - Fireball              Conj/Fire      46%        3d18      1%          5
g - Lightning Bolt        Conj/Air       45%        1d65      1%          5
h - Iskenderun's Battles  Conj           100%       2d15      1%          5

Your spell library contained the following spells:

 Spells                   Type           Power      Damage    Failure   Level
 Lee's Rapid Deconstruct  Erth           10%        3d9*      21%         5
 Corpse Rot               Necr/Air       70%        N/A       1%          2
 Poisonous Vapours        Pois/Air       70%        N/A       1%          2
 Dazzling Flash           Conj/Hex       100%       N/A       1%          3
 Gell's Gravitas          Tloc           50%        N/A       1%          3
 Lesser Beckoning         Tloc           50%        N/A       1%          3
 Teleport Other           Tloc           50%        N/A       1%          3
 Fulminant Prism          Conj/Hex       40%        3d20      1%          4
 Iskenderun's Mystic Bla  Conj/Tloc      90%        2d18      1%          4
 Slow                     Hex            80%        N/A       3%          1
 Summon Small Mammal      Summ           80%        N/A       3%          1
 Ensorcelled Hibernation  Hex/Ice        40%        N/A       4%          2
 Passwall                 Tmut/Erth      16%        N/A       4%          2
 Sublimation of Blood     Necr           20%        N/A       4%          2
 Call Canine Familiar     Summ           20%        N/A       9%          3
 Confusing Touch          Hex            20%        N/A       9%          3
 Summon Guardian Golem    Hex/Summ       20%        N/A       9%          3
 Vampiric Draining        Necr           20%        2d7       9%          3
 Ice Form                 Ice/Tmut       20%        N/A       28%         4
 Petrify                  Tmut/Erth      20%        N/A       28%         4
 Ignition                 Fire           29%        3d9       94%         8


Dungeon Overview and Level Annotations

Branches:
Dungeon (12/15)            Temple (1/1) D:4            Lair (4/6) D:8
  Swamp (0/4) Lair:3       Bailey (visited)
  Snake: Lair:2-4    Spider: Lair:2-4       Orc: D:9-12

Altars:
Ashenzari
Cheibriados
Dithmenos
Elyvilon
Gozag
Hepliaklqana
Kikubaaqudgha
Makhleb
Nemelex Xobeh
Okawaru
Qazlal
Ru
Sif Muna
Trog
Uskayaw
Vehumet
Wu Jian
Xom
Yredelemnul
Zin
The Shining One


Innate Abilities, Weirdness & Mutations

You can breathe waves of freezing cold which knock back foes.
Your icy white scales are hard. (AC +8)
You cannot fit into any form of body armour.
Your flesh is cold resistant. (rC+)
You are cold-blooded and may be slowed by cold attacks.


Message History

The wizard gestures wildly while chanting.
The wizard flickers and vanishes!
Deactivating autopickup; reactivate with Ctrl-A.
The forest fire spreads! x2
Casting: Lightning Bolt (mildly dangerous; 1% risk of failure)
Confirm with . or Enter, or press ? or * to list all spells.
Aiming: Lightning Bolt (mildly dangerous; 1% risk of failure)
Press: ? - help, Shift-Dir - straight line You feel a surge of power!
You hear a mighty clap of thunder!
The tree burns like a torch!
You hear a screech!
You hear a trumpeting!
You hear a bellow! x2
You hear some strange, mumbled words.
A fireball appears from out of thin air!
The fireball explodes!
The fireball engulfs you!!
The forest fire spreads! x3
Casting: Lightning Bolt (mildly dangerous; 1% risk of failure)
Confirm with . or Enter, or press ? or * to list all spells.
You don't have enough magic to cast this spell.
You hear some strange, mumbled words.
A fireball appears from out of thin air!
The fireball explodes!
The fireball engulfs you!!
* * * LOW HITPOINT WARNING * * *
The tree burns like a torch!
The forest fire spreads! x2
You feel much better.
The forest fire spreads!
Something hits you.
The forest fire spreads! x2
The forest fire spreads! x4
You hear some strange, mumbled words.
A fireball appears from out of thin air!
The fireball explodes!
The fireball engulfs you!!!
* * * LOW HITPOINT WARNING * * *
The tree burns like a torch!
The forest fire spreads!
The forest fire spreads!
You hear some strange, mumbled words.
A fireball appears from out of thin air!
The fireball explodes!
The fireball engulfs you.
* * * LOW HITPOINT WARNING * * *
The tree burns like a torch!
The forest fire spreads! x3
You are engulfed in blazing flames.
You die...

### ♣♣♣♣♣.♣♣♣♣## ♣♣♣♣♣
♣§§♣♣....P.# ♣♣..(♣
♣§§§§......# ♣.(..♣
♣♣§§@♣......# ♣...♣♣
♣♣♣♣..§§♣♣....######
♣♣..♣
♣{§§§♣♣♣♣♣.....##..#####
♣♣.♣♣♣♣§§§§♣
♣..........##.#
♣..♣♣.§§§♣♣
♣.............#
♣♣..♣.§♣§♣ ♣
♣.....###...... ♣
♣♣♣..♣♣.♣.♣
♣....##......#P ♣♣
♣♣..♣♣♣...♣♣
♣...#####..†.## .♣♣
♣♣..♣♣♣.....♣ ♣....#
#...##


There were no monsters in sight!

Vanquished Creatures
  Gastronok (Lair:3)
  8 hydras
  3 two-headed ogres (D:9)
  Pikel (D:6)
  A lindwurm (Lair:6)
  2 orc knights (Bailey)
  A deep elf pyromancer (D:8)
  2 wolf spiders (Lair:3)
  15 elephants
  Maurice (D:9)
  A gargoyle (D:11)
  7 black mambas
  10 cane toads
  A torpor snail (Lair:6)
  A kobold demonologist (D:11)
  5 komodo dragons
  14 rime drakes
  A troll (D:9)
  Grinder (D:6)
  20 blink frogs
  A hornet (D:8)
  Sigmund (D:2)
  A shadow (D:11)
  2 wraiths (D:9)
  8 wyverns
  5 humans (D:8)
  12 yaks
  13 steam dragons
  3 swamp worms (Lair:3)
  Menkaure (D:5)
  6 nagas (Lair:4)
  A hell hound (Lair:6)
  2 acid dragons (D:9)
  A floating eye (D:9)
  22 water moccasins
  11 orc warriors
  6 black bears
  An ice beast (D:5)
  A necrophage (D:7)
  3 centaurs
  20 wolves
  A lemure (D:6)
  A phantom (D:7)
  A kobold brigand (D:9)
  7 bullfrogs
  A scorpion (D:5)
  2 wyvern zombies
  A water moccasin skeleton (D:6)
  16 killer bees
  7 wights
  3 howler monkeys
  2 centaur zombies (D:9)
  A centaur skeleton (D:7)
  4 orc priests
  Crazy Yiuf (D:3)
  2 gnoll shamans
  3 iguanas
  3 jellies
  A bullfrog skeleton (D:5)
  10 orc wizards
  7 hell rats (Lair:6)
  A howler monkey zombie (D:8)
  Robin (D:2)
  14 gnolls
  11 adders
  A howler monkey skeleton (D:6)
  2 shadow imps
  3 white imps
  4 worms
  3 dart slugs
  26 orcs
  5 endoplasms
  6 giant cockroaches
  30 goblins
  22 hobgoblins
  2 jackals (D:1)
  11 ball pythons
  3 bats
  6 frilled lizards
  7 kobolds
  9 rats
458 creatures vanquished.

Vanquished Creatures (others)
  4 fulminant prisms
  55 fungi
  74 plants
133 creatures vanquished.

Grand Total: 591 creatures vanquished

Notes
Turn   | Place    | Note
-------+----------+-------------------------------------------
     0 | D:1      | nickcage the Draconian Conjurer began the quest for the
                  | Orb.
     0 | D:1      | Reached XP level 1. HP: 14/14 MP: 3/3
   321 | D:1      | Reached XP level 2. HP: 20/20 MP: 1/5
   384 | D:1      | Learned a level 2 spell: Searing Ray
  1508 | D:2      | Reached XP level 3. HP: 26/26 MP: 2/6
  1562 | D:2      | Reached skill level 5 in Conjurations
  1948 | D:2      | Noticed Sigmund
  1967 | D:2      | Killed Sigmund
  1968 | D:2      | Reached skill level 6 in Conjurations
  1968 | D:2      | Reached XP level 4. HP: 33/33 MP: 1/8
  1968 | D:2      | Reached XP level 5. HP: 38/38 MP: 1/9
  1973 | D:2      | Learned a level 4 spell: Fulminant Prism
  2359 | D:2      | Found a faded altar of an unknown god.
  2647 | D:2      | Noticed Robin
  2652 | D:2      | Killed Robin
  2653 | D:2      | Reached XP level 6. HP: 45/45 MP: 2/11
  3508 | D:3      | Learned a level 4 spell: Iskenderun's Mystic Blast
  3654 | D:3      | Found a runed translucent door.
  3655 | D:3      | Noticed Crazy Yiuf
  3662 | D:3      | Killed Crazy Yiuf
  4019 | D:4      | Noticed a yak
  4099 | D:4      | Reached skill level 7 in Conjurations
  4228 | D:4      | Found a staircase to the Ecumenical Temple.
  4237 | Temple   | Entered the Ecumenical Temple
  4393 | Temple   | Became a worshipper of Vehumet
  4662 | D:4      | Noticed a two-headed ogre
  4683 | D:4      | Killed a yak
  4684 | D:4      | Reached skill level 1 in Translocations
  4684 | D:4      | Your scales start taking on an icy white colour.
  4684 | D:4      | Reached XP level 7. HP: 50/50 MP: 3/14
  4684 | D:4      | Gained mutation: Your flesh is cold resistant. (rC+) [White
                  | Draconian growth]
  5038 | D:5      | Entered Level 5 of the Dungeon
  5138 | D:5      | Reached skill level 5 in Spellcasting
  5783 | D:5      | Reached XP level 8. HP: 45/57 MP: 4/16
  6060 | D:5      | Noticed Menkaure
  6064 | D:5      | Killed Menkaure
  6065 | D:5      | Reached skill level 8 in Conjurations
  6345 | D:5      | Reached * piety under Vehumet
  6345 | D:5      | Offered knowledge of Foxfire by Vehumet.
  6766 | D:6      | Noticed Pikel
  6820 | D:6      | Killed Pikel
  6821 | D:6      | Reached skill level 9 in Conjurations
  6982 | D:6      | Learned a level 3 spell: Swiftness
  7062 | D:6      | Noticed Grinder
  7127 | D:6      | Reached XP level 9. HP: 62/62 MP: 11/17
  7402 | D:6      | Paralysed by Grinder for 7 turns
  7412 | D:6      | Killed Grinder
  7413 | D:6      | Reached skill level 10 in Conjurations
  7413 | D:6      | Reached skill level 5 in Translocations
  7413 | D:6      | Reached skill level 1 in Air Magic
  7756 | D:7      | Learned a level 5 spell: Fireball
  7970 | D:7      | Found a basalt altar of Yredelemnul.
  8083 | D:7      | Reached skill level 1 in Evocations
  8207 | D:7      | Reached skill level 1 in Fire Magic
  8686 | D:7      | Found a glowing golden altar of the Shining One.
  8686 | D:7      | Found a broken altar of Ashenzari.
  8692 | D:7      | Found an iron altar of Okawaru.
  8694 | D:7      | Found a shadowy altar of Dithmenos.
  8696 | D:7      | Found a snail-covered altar of Cheibriados.
  8867 | D:8      | Reached ** piety under Vehumet
  8867 | D:8      | Offered knowledge of Freeze by Vehumet.
  9006 | D:8      | Noticed a deep elf pyromancer
  9406 | D:8      | Reached skill level 5 in Air Magic
  9408 | D:8      | Found a staircase to the Lair.
  9528 | D:8      | Reached XP level 10. HP: 69/69 MP: 13/18
 10090 | D:8      | Paralysed by an orc warrior for 6 turns
 10099 | D:8      | Offered knowledge of Scorch by Vehumet.
 10241 | D:8      | Killed a deep elf pyromancer
 10242 | D:8      | Reached skill level 11 in Conjurations
 10242 | D:8      | Reached skill level 5 in Fire Magic
 11052 | D:9      | Noticed Maurice
 11061 | D:9      | Killed Maurice
 11213 | D:9      | Learned a level 5 spell: Irradiate
 11219 | D:9      | Found a flagged portal.
 11227 | Bailey   | Entered a bailey
 11258 | Bailey   | Reached *** piety under Vehumet
 11314 | Bailey   | Noticed an orc knight
 11325 | Bailey   | Killed an orc knight
 11427 | Bailey   | Noticed an orc knight
 11430 | Bailey   | Killed an orc knight
 11623 | Bailey   | Reached skill level 12 in Conjurations
 11696 | Bailey   | Identified the +0 ring mail of Fortification {Rampage rF-
                  | rC+ Will+}
 11736 | Bailey   | Reached XP level 11. HP: 72/74 MP: 15/21
 11847 | Bailey   | Offered knowledge of Stone Arrow by Vehumet.
 12325 | Bailey   | Noticed an orc warlord
 12435 | D:9      | Reached **** piety under Vehumet
 12927 | D:9      | Reached skill level 1 in Shields
 13077 | D:9      | Offered knowledge of Lightning Bolt by Vehumet.
 13234 | D:9      | Noticed a two-headed ogre
 13238 | D:9      | Killed a two-headed ogre
 13239 | D:9      | Reached skill level 1 in Staves
 14097 | D:9      | Learned a level 5 spell: Lightning Bolt
 14179 | D:9      | Noticed a two-headed ogre
 14182 | D:9      | Noticed a two-headed ogre
 14184 | D:9      | Killed a two-headed ogre
 14546 | D:9      | Killed a two-headed ogre
 14657 | D:9      | You fall into a shaft and drop 3 floors!
 14657 | D:12     | Noticed a boulder beetle
 14659 | D:12     | Noticed a two-headed ogre
 14931 | D:10     | Entered Level 10 of the Dungeon
 15067 | Lair:1   | Entered Level 1 of the Lair of Beasts
 15755 | Lair:1   | Noticed a five-headed hydra
 15758 | Lair:1   | Killed a five-headed hydra
 15759 | Lair:1   | Reached XP level 12. HP: 64/81 MP: 1/25
 16165 | Lair:1   | Noticed a seven-headed hydra
 16168 | Lair:1   | Killed a seven-headed hydra
 16169 | Lair:1   | Reached skill level 10 in Spellcasting
 16272 | Lair:1   | Got Qasaun's Handbook of Nocuous Shape Shifting
 16507 | Lair:1   | Learned a level 6 spell: Starburst
 16885 | Lair:2   | Reached skill level 5 in Shields
 17071 | Lair:2   | Reached skill level 13 in Conjurations
 17949 | Lair:2   | Reached ***** piety under Vehumet
 17949 | Lair:2   | Offered knowledge of Iskenderun's Battlesphere by Vehumet.
 18038 | Lair:2   | Learned a level 5 spell: Iskenderun's Battlesphere
 18983 | Lair:3   | Noticed a four-headed hydra
 19000 | Lair:3   | Noticed an eight-headed hydra
 19001 | Lair:3   | Killed a four-headed hydra
 19010 | Lair:3   | Killed an eight-headed hydra
 19011 | Lair:3   | Reached XP level 13. HP: 8/86 MP: 15/28
 19404 | Lair:3   | Reached skill level 14 in Conjurations
 19415 | Lair:3   | Noticed Gastronok
 19423 | Lair:3   | Killed Gastronok
 20269 | Lair:3   | Found a staircase to the Swamp.
 20720 | Lair:4   | Reached XP level 14. HP: 93/93 MP: 30/30
 20775 | Lair:4   | Reached skill level 15 in Conjurations
 21557 | Lair:4   | You fall into a shaft and drop 2 floors!
 21557 | Lair:6   | Entered Level 6 of the Lair of Beasts
 21669 | Lair:6   | Found a gate leading to a gauntlet.
 22954 | Lair:6   | Offered knowledge of Lee's Rapid Deconstruction by Vehumet.
 23343 | Lair:6   | HP: 2/93 [something/fireball (6)]
 23344 | Lair:6   | Engulfed by a wizard's flame

Illustrated notes

Levels and vault maps discovered:
D:1:      zaba_arrival_water, layout_basic
D:2:      minmay_general_purpose_star, layout_loops_ring,
          ebering_ecumenical_altar_sacrificial, minmay_misc_feat_columns,
          nicolae_underground_beach, uniq_sigmund, uniq_robin
D:3:      layout_rooms, moated_statue, uniq_crazy_yiuf_cottage
D:4:      layout_gridville, minmay_temple_entry_purple_smoke, minmay_small_thing
D:5:      layout_basic, uniq_menkaure
D:6:      layout_basic, uniq_grinder, uniq_pikel
D:7:      layout_gridville, lemuel_doored_altar,
          chequers_temple_overflow_minitemple, st_stairs_10
D:8:      layout_basic, minmay_lair_entry_grove, minmay_ruffians
D:9:      layout_loops_corners, enter_bailey_3, onia_ninara_cookie, uniq_maurice
D:10:     layout_cross, mainiacjoe_overflow_surrounded_room,
          minmay_misc_feat_iff, minmay_beelzebubs_servants
D:11:     layout_loops_corners, kennysheep_orc_monster_closet_entryway,
          okawaru_trees_1
D:12:     minmay_recursive_quarters, layout_basic, st_stairs_14, tgw_sif,
          uniq_rupert
Temple:   regret_index_temple_generic_petals
Lair:1:   layout_regular_city, grunt_megastairs_2, infiniplex_staircase_pool_2
Lair:2:   layout_roguey, bobbens_dragon_lair_wall
Lair:3:   layout_cave_shapes, palyth_hydra_swamp_entry,
          nicolae_lair_run_with_the_wolves, serial_bayou_shore_b, uniq_gastronok
Lair:4:   cheibrodos_lair_river_kwai, layout_long_grid,
          minmay_snake_entry_guardpost_medium
Lair:6:   evil_forest, layout_gridlike, gauntlet_entry_generic,
          gammafunk_lair_bear_cave

Skill      XL: |  1  2  3  4  5  6  7  8  9 10 11 12 13 14 |
---------------+-------------------------------------------+-----
Conjurations   | 6 7 9 10 12 13 14 15 | 15.8
Spellcasting   | 3 4 5 6 9 11 12 13 | 13.6
Translocations | 1 2 4 5 |  5.1
Air Magic      | 5 |  5.0
Evocations     | 1 3 |  3.0
Fire Magic     | 4 5 6 |  6.8
Shields        | 4 6 7 8 |  8.0
Staves         | 2 |  2.0
Axes           | |  0.7
Crossbows      | |  0.7
Dodging        | |  1.7
Stealth        | |  1.7

Action                   |  1- 3 |  4- 6 |  7- 9 | 10-12 | 13-15 || total
-------------------------+-------+-------+-------+-------+-------++-------
Melee: Unarmed           |    19 |       |       |       |       ||    19
       Tailslap          |     6 |       |       |     1 |       ||     7
       Dagger            |     6 |       |       |       |       ||     6
       Morningstar       |     4 |       |       |       |       ||     4
       Staff             |       |       |     1 |     2 |     6 ||     9
       Scythe            |       |       |     2 |       |       ||     2
Throw: Throwing net      |       |       |       |     1 |       ||     1
 Cast: Magic Dart        |    66 |   118 |   124 |    86 |       ||   394
       Searing Ray       |     1 |    10 |    57 |    86 |     1 ||   155
       Fulminant Prism   |       |       |     3 |     1 |       ||     4
       Iskenderun's Myst |       |       |     1 |     2 |       ||     3
       Fireball          |       |       |       |   109 |   130 ||   239
       Irradiate         |       |       |       |     6 |     1 ||     7
       Lightning Bolt    |       |       |       |    11 |    35 ||    46
       Swiftness         |       |       |       |     1 |       ||     1
       Starburst         |       |       |       |     2 |       ||     2
 Abil: Breathe Frost     |       |       |     1 |     5 |     1 ||     7
Evoke: Wand              |       |       |       |       |     3 ||     3
  Use: Scroll            |       |     5 |     3 |    18 |     4 ||    30
       Potion            |       |       |     1 |     2 |     3 ||     6
Armor: Skin              |    16 |     4 |    42 |    34 |     7 ||   103
Dodge: Dodged            |    33 |     9 |    77 |   132 |    12 ||   263
Block: Buckler           |       |       |       |     4 |     1 ||     5
